 Dungeon Crawl Stone Soup version 0.28-a0-43-g560ac104fe (webtiles) character file.

Game seed: 10635190945884947204

8 Lekart the Skirmisher (level 2, -1/26 HPs)
             Began as a Draconian Chaos Knight on July 28, 2021.
             Was a Plaything of Xom.
             Slain by an endoplasm (2 damage)
             ... on level 1 of the Dungeon.
             The game lasted 00:00:32 (313 turns).

Lekart the Skirmisher (Draconian Chaos Knight)       Turns: 313, Time: 00:00:32

Health: -1/26      AC:  4    Str: 14    XL:     2   Next: 0%
Magic:  2/2        EV: 12    Int: 12    God:    Xom [..*...]
Gold:   0          SH:  0    Dex: 10    Spells: 1/1 levels left

rFire   . . .      SeeInvis .   a - +0 falchion (chaos)
rCold   . . .      Faith    .   (no shield)
rNeg    . . .      Spirit   .   (armour unavailable)
rPois   .          Reflect  .   (helmet restricted)
rElec   .          Harm     .   (no cloak)
rCorr   .          Rampage  .   (no gloves)
Will    .....                   (no boots)
Stlth   +.........              (no amulet)
HPRegen 0.08/turn               (no ring)
MPRegen 0.08/turn               (no ring)

@: slowed, very slow
A: AC +4, unfitting armour, cold-blooded
a: Renounce Religion


You were on level 1 of the Dungeon.
You worshipped Xom.
You were a toy of Xom.
You visited 1 branch of the dungeon, and saw 1 of its levels.

Inventory:

Hand Weapons
 a - a +0 falchion of chaos (weapon)


   Skills:
 * Level 3.5 Fighting
 + Level 3.2 Long Blades
 + Level 2.2 Dodging


You had one spell level left.
You didn't know any spells.
Your spell library was empty.

Dungeon Overview and Level Annotations

Branches:
Dungeon (1/15)

Altars:


Innate Abilities, Weirdness & Mutations

Your plain brown scales are hard. (AC +4)
You cannot fit into any form of body armour.
You are cold-blooded and may be slowed by cold attacks.


Message History

You are frozen.
You feel as though you will be slow longer.
The rat bites you. The endoplasm misses you.
You are too injured to fight recklessly!
You are too injured to fight recklessly!
You are too injured to fight recklessly!
The rat closely misses you. The endoplasm freezes you.
You are frozen.
You feel as though you will be slow longer.
You see here a +0 dagger.
The endoplasm freezes you.
You are frozen.
* * * LOW HITPOINT WARNING * * *
You feel as though you will be slow longer.
The endoplasm freezes you.
You are frozen.
* * * LOW HITPOINT WARNING * * *
The endoplasm hits you.
* * * LOW HITPOINT WARNING * * *
The rat bites you but does no damage.
The endoplasm hits you but does no damage.
The rat closely misses you.
The endoplasm hits you but does no damage.
The endoplasm freezes you.
You are frozen.
* * * LOW HITPOINT WARNING * * *
You feel as though you will be slow longer.
The endoplasm hits you but does no damage.
The dart slug launches a dart at you. The slug dart hits you.
* * * LOW HITPOINT WARNING * * *
As you read the scroll labelled JAEVIECRAN, it crumbles to dust.
You feel strangely unstable.
It was a scroll of teleportation.
The endoplasm hits you but does no damage.
The endoplasm barely misses you.
Your surroundings seem slightly different.
Found 12 gold pieces.
The endoplasm hits you.
You die...

##........##.<.#.###
#.#
#.##..............#
##.##
........#.####.###.##
#.... ##.##.###.# #.#
#..###### #..## #.
#..###.###.......#
#..# .
.................#
#..# #...#.#...#.....#
#..# #.#...#J#..§...##
#..##
#....@#..w#....###....
#$....#..#r........###
#.....###...#.####.#
#..#...#. #..#..# #.#
#...#.#...###...# #..
.#...#...#...#..# ####
.$#.. #..†()#.# ...##
#........#
#..#.....#.#


You could see an endoplasm (fast).

Vanquished Creatures
  A ball python (D:1)
  2 endoplasms (D:1)
  A goblin (D:1)
  A bat (D:1)
  2 kobolds (D:1)
  A rat (D:1)
8 creatures vanquished.

Notes
Turn   | Place    | Note
-------+----------+-------------------------------------------
     0 | D:1      | Lekart the Draconian Chaos Knight began the quest for the
                  | Orb.
     0 | D:1      | Reached XP level 1. HP: 19/19 MP: 1/1
   301 | D:1      | Reached XP level 2. HP: 22/26 MP: 2/2
   309 | D:1      | HP: 1/26 [dart slug/slug dart (3)]
   313 | D:1      | Slain by an endoplasm

Illustrated notes

Levels and vault maps discovered:
D:1:      dpeg_arrival_tiny_a, layout_loops_ring, minmay_splitting_lines,
          corner_web_ring

Action                   || total
-------------------------++-------
Melee: Falchion          ||    20
       Tailslap          ||     4
  Use: Scroll            ||     1
Armor: Skin              ||    20
Dodge: Dodged            ||    15
       Rpst.: Falchion   ||     3

Table legend: (Time is in decaauts)
 A = Elapsed time spent in this place.
 B = Non-inter-level travel time spent in this place.
 C = Inter-level travel time spent in this place.
 D = Time resting spent in this place.
 E = Time spent auto-exploring this place.
 F = Levels seen in this place.
 G = Mean time per level.
                   A        B        C        D        E       F      G
               +--------+--------+--------+--------+--------+-----+--------+
         Total |    323 |    323 |      0 |      0 |    255 |   1 |  323.0 |
       Dungeon |    323 |    323 |      0 |      0 |    255 |   1 |  323.0 |
               +--------+--------+--------+--------+--------+-----+--------+

Top non-repeatable levels by time:
     D:1: 323 daAuts
